 Dungeon Crawl Stone Soup version 0.30-a0-939-gc8157cb160 (console) character file.

Game seed: 15244569672116120446

48 utis the Twirler (level 3, -11/21 HPs)
             Began as a Tengu Wanderer on Mar 26, 2023.
             Mangled by a gnoll
             ... wielding a +0 flail
              (12 damage)
             ... on level 3 of the Dungeon.
             The game lasted 00:05:28 (1946 turns).

utis the Twirler (Tengu Wanderer)                   Turns: 1946, Time: 00:05:29

Health: -11/21     AC:  2    Str: 20    XL:     3   Next: 72%
Magic:  7/7        EV: 12    Int: 13    God:
Gold:   49         SH:  0    Dex: 12    Spells: 6/6 levels left

rFire   . . .      SeeInvis .    a - +2 quarterstaff
rCold   . . .      Faith    .    (shield currently unavailable)
rNeg    . . .      Spirit   .    e - +0 robe
rPois   .          Reflect  .    (helmet restricted)
rElec   .          Rampage  .    (no cloak)
rCorr   .                        (no gloves)
Will    .....                    (boots unavailable)
Stlth   +                        (no amulet)
HPRegen 0.23/turn                S - +6 ring of strength
MPRegen 0.10/turn                (no ring)

@: no status effects
A: beak, talons 3
a: no special abilities


You were on level 3 of the Dungeon.
You visited 1 branch of the dungeon, and saw 3 of its levels.

You collected 153 gold pieces.
You spent 104 gold pieces at shops.

Inventory:

Hand Weapons
 a - a +2 quarterstaff (weapon)
 c - a +0 dagger
Missiles
 b - 18 poisoned darts (quivered)
Armour
 e - a +0 robe (worn)
 m - a +0 buckler
Jewellery
 g - a ring of willpower
 S - a +6 ring of strength (left hand)
Scrolls
 h - a scroll of teleportation {@r4}
 l - 2 scrolls of amnesia
 n - a scroll of fear
 o - a scroll of identify {@r1}
 q - a scroll of vulnerability {unknown}
Potions
 d - a potion of attraction
 f - 4 potions of curing {@q1}
 i - a potion of magic
 j - 2 potions of haste {@q3}
 k - 2 potions of degeneration {@e1}
 p - a potion of heal wounds {unknown}


   Skills:
 + Level 1.8 Fighting
 * Level 3.4 Staves
 - Level 2.0 Throwing
 + Level 1.5 Dodging
 - Level 2.0 Spellcasting
 - Level 2.1 Necromancy
 - Level 1.0 Evocations


You had 6 spell levels left.
You didn't know any spells.
Your spell library contained the following spells:

 Spells                   Type           Power      Damage    Failure   Level
 Sublimation of Blood     Necr           7%         N/A       16%         2
 Cigotuvi's Dreadful Rot  Necr/Pois/Air  6%         N/A       28%         2
 Dispel Undead            Necr           7%         3d8       71%         4
 Death Channel            Necr           3%         N/A       100%        6
 Malign Gateway           Summ/Tloc      0%         N/A       100%        7
 Summon Horrible Things   Summ           0%         N/A       100%        8


Dungeon Overview and Level Annotations

Branches:
Dungeon (3/15)

Altars:

Shops:
D:1 *


Innate Abilities, Weirdness & Mutations

You have a beak for a mouth.
You have claws for feet.


Message History

You sock the dart slug!
You kill the dart slug!
No target in view!
You now have enough gold to buy a potion of curing on D:1.
You can access your shopping list by pressing '$'.
You now have 49 gold pieces (gained 12).
b - 18 poisoned darts (gained 4)
A kobold comes into view. It is wielding a +0 whip.
Found a scroll labelled FIR TOZXUINUHANAA.
Found a stone staircase leading down.
A ball python comes into view.
The kobold shouts!
The kobold completely misses you.
You hit the kobold.
You kill the kobold!
No target in range!
You hit the ball python.
You kill the ball python!
No target in view!
There is a stone staircase leading down here.
q - a scroll labelled FIR TOZXUINUHANAA
There is a stone staircase leading down here. 2 gnolls come into view.
The gnoll shouts!
You hear a shout!
The gnoll shouts!
The gnoll throws a throwing net.
The throwing net hits you.
You become entangled in the net!
You struggle against the net.
You struggle against the net.
You struggle against the net.
You shred the net and break free! The gnoll barely misses you.
The gnoll hits you from afar with a +0 halberd!
Ouch! That really hurt!
* * * LOW HITPOINT WARNING * * *
The gnoll attacks as you move away! The gnoll closely misses you.
The gnoll attacks as you move away! The gnoll hits you with a +0 flail!
* * * LOW HITPOINT WARNING * * *
Unknown command.
The gnoll attacks as you move away! The gnoll hits you with a +0 flail!
Ouch! That really hurt!
You die...

░░░░░░░.......░░░░░░░
+..................>░
░░░░░░░.......░░░.░.░
░░░░░░......░.░
░..░░░░░░.░ ░.░░ ░.░
░.░ ░.░ ░.░ ░░░░░.░░
░░░Q░ ░.....†░
░░░gg.░ ░......░
░...░░░
░......░░░░░░░
░░░░.░░░
░░░░░.........
░░░░░░░░░....░
░░░░░░░░░░
..░.......░░░░ ░
░.░.░░░░░░░░░░ ░
....░░░░░..... ░
..>.......g... ░


You could see 2 gnolls.

Vanquished Creatures
  A worm (D:2)
  2 dart slugs
  4 ball pythons
  4 endoplasms
  A giant cockroach (D:2)
  3 hobgoblins
  2 jackals (D:1)
  A quokka (D:3)
  7 bats
  3 frilled lizards
  3 kobolds
  7 rats
38 creatures vanquished.

Notes
Turn   | Place    | Note
-------+----------+-------------------------------------------
     0 | D:1      | utis the Tengu Wanderer began the quest for the Orb.
     0 | D:1      | utis set off with the following items: a +2 quarterstaff,
                  | 14 poisoned darts, a +0 dagger, a potion of attraction, a
                  | +0 robe; and the following spells available to memorise:
                  | Sublimation of Blood, Cigotuvi's Dreadful Rot.
     0 | D:1      | Reached XP level 1. HP: 12/12 MP: 4/4
   197 | D:1      | Reached XP level 2. HP: 16/16 MP: 6/6
   250 | D:1      | Found Osituoh's General Store.
   257 | D:1      | Bought a scroll of identify for 26 gold pieces
   469 | D:1      | Reached skill level 1 in Dodging
   503 | D:1      | Reached skill level 3 in Staves
   944 | D:2      | Reached XP level 3. HP: 16/20 MP: 7/7
  1747 | D:1      | Bought 3 scrolls of identify for 78 gold pieces
  1945 | D:3      | HP: 1/21 [gnoll/+0 flail (7)]
  1946 | D:3      | Mangled by a gnoll

Illustrated notes

Levels and vault maps discovered:
D:1:      nagdon_arrival_zigzag_paths, layout_basic, serial_forest,
          infiniplex_forest_lined_2, infiniplex_forest_clump_tiny,
          infiniplex_forest_lined_3, infiniplex_forest_corner_1,
          infiniplex_forest_clump_tiny, infiniplex_forest_corner_1,
          infiniplex_forest_straight_2, serial_shops, nicolae_shop_waterfront
D:2:      layout_rooms
D:3:      layout_basic, minmay_misc_feat_columns, uniq_jessica

Skill      XL: |  1  2 |
---------------+-------+-----
Dodging        | 1 |  1.5
Staves         | 3 |  3.4
Fighting       | |  1.8
Throwing       | |  2.0
Spellcasting   | |  2.0
Necromancy     | |  2.1
Evocations     | |  1.0

Action                     || total
---------------------------++-------
  Melee: Quarterstaff      ||    65
         Kick              ||    12
         Peck              ||     4
    Use: Scroll            ||     7
   Stab: Sleeping          ||     1
 Armour: Robe              ||    14
  Dodge: Dodged            ||    29

Table legend: (Time is in decaauts)
 A = Elapsed time spent in this place.
 B = Non-inter-level travel time spent in this place.
 C = Inter-level travel time spent in this place.
 D = Time resting spent in this place.
 E = Time spent auto-exploring this place.
 F = Levels seen in this place.
 G = Mean time per level.
                   A        B        C        D        E       F      G
               +--------+--------+--------+--------+--------+-----+--------+
         Total |   1959 |   1745 |    214 |     84 |   1273 |   3 |  653.0 |
       Dungeon |   1959 |   1745 |    214 |     84 |   1273 |   3 |  653.0 |
               +--------+--------+--------+--------+--------+-----+--------+

Top non-repeatable levels by time:
     D:1: 1010 daAuts
     D:2: 633 daAuts
     D:3: 315 daAuts
